 Dungeon Crawl Stone Soup version 0.27-a0-1184-ge86db4a01e (webtiles) character file.

Game seed: 9762563754999774739

116 ZappyNine the Sneak (level 5, -12/39 HPs)
             Began as a Formicid Brigand on May 18, 2021.
             Killed from afar by Ijyb (23 damage)
             ... with a bolt of acid
             ... on level 4 of the Dungeon.
             The game lasted 00:02:58 (3247 turns).

ZappyNine the Sneak (Formicid Brigand)              Turns: 3247, Time: 00:02:59

Health: -12/39     AC: -1    Str: 16    XL:     5   Next: 21%
Magic:  5/5        EV: 12    Int: 10    God:
Gold:   90         SH:  0    Dex: 13    Spells: 4/4 levels left

rFire    . . .     SeeInvis +   a - +2 dagger
rCold    . . .     Faith    .   (no shield)
rNeg     . . .     Spirit   .   b - +0 robe
rPois    .         Reflect  .   (helmet unavailable)
rElec    .         Harm     .   c - +0 cloak
rCorr    .         Rampage  .   (no gloves)
Will     .....                  (no boots)
Stlth    +++.......             (no amulet)
HPRegen  0.13/turn              (no ring)
MPRegen  0.09/turn              (no ring)

@: corroded
A: permanent stasis, dig shafts and tunnels, antennae 3, four strong arms
a: Dig, Shaft Self


You were on level 4 of the Dungeon.
You visited 1 branch of the dungeon, and saw 4 of its levels.

You collected 90 gold pieces.

Inventory:

Hand Weapons
 a - a +2 dagger (weapon)
Missiles
 d - 13 poisoned darts (quivered)
 e - 2 curare-tipped darts
Armour
 b - a +0 robe (worn)
 c - a +0 cloak (worn)
 p - a +0 leather armour
Scrolls
 h - a scroll of amnesia {unknown}
 i - a scroll of enchant armour {unknown}
 j - a scroll of immolation {unknown}
 k - a scroll of identify {unknown}
 m - a scroll of magic mapping {unknown}
 n - a scroll of teleportation {unknown}
Potions
 o - a potion of brilliance {unknown}
 q - a potion of curing {unknown}
 r - a potion of berserk rage {unknown}
 s - a potion of mutation {unknown}


   Skills:
 - Level 2.6 Fighting
 - Level 3.2 Short Blades
 - Level 2.0 Throwing
 + Level 2.2 Dodging
 - Level 5.9 Stealth


You had 4 spell levels left.
You didn't know any spells.
Your spell library was empty.

Dungeon Overview and Level Annotations

Branches:
Dungeon (4/15)
 Temple: D:4-7

Altars:

Annotations:
D:4 Ijyb


Innate Abilities, Weirdness & Mutations

You cannot be hasted, slowed, berserked, paralysed or teleported.
You can dig through walls and to a lower floor.
You have a pair of large antennae on your head. (SInv)
Your four strong arms can wield two-handed weapons with a shield.


Message History

You dig through the rock wall.
You dig through the rock wall.
You dig through the rock wall.
You dig through the rock wall.
You retract your mandibles.
An adder comes into view.
Found a stone staircase leading down.
Ijyb the Twisted Goblin comes into view.
She is wielding a +0 club and carrying a wand of acid (8).
You extend your mandibles.
You dig through the rock wall.
You hear a shout!
You dig through the rock wall.
You dig through the rock wall.
You retract your mandibles.
The orc shouts!
You hit the orc.
The orc is lightly wounded.
The orc barely misses you.
You closely miss the orc.
The orc is lightly wounded.
A hound comes into view.
The orc shouts!
You hit the orc.
You kill the orc!
You closely miss Ijyb.
Ijyb screams, "Get away!"
Ijyb zaps a wand.
The bolt of acid hits you! The acid corrodes you!
You are splashed with acid!
You hit Ijyb but do no damage. You hit Ijyb but do no damage.
Ijyb hits you with a +0 club.
An adder and a gnoll come into view.
You extend your mandibles.
You dig through the rock wall.
Ijyb hits you with a +0 club.
* * * LOW HITPOINT WARNING * * *
You dig through the rock wall.
You dig through the rock wall.
You hear an angry hiss.
Ijyb zaps a wand.
The bolt of acid hits you!!
Ouch! That really hurt!
You die...

.. ##......#.#
...
##.....#.#.# {
S. #.#o...#.#.#
#.###o##....#.#
#.{..###{####
####h# #.#
##g.# .#
##.#.......
#@######... ###
.


You could see Ijyb, a hound and 2 orcs.

Vanquished Creatures
  An orc wizard (D:3)
  2 adders (D:3)
  4 dart slugs
  12 orcs
  4 endoplasms
  2 giant cockroaches
  3 goblins
  4 hobgoblins
  5 kobolds
  6 ball pythons
  A bat (D:1)
  A frilled lizard (D:1)
  9 rats
54 creatures vanquished.

Notes
Turn   | Place    | Note
-------+----------+-------------------------------------------
     0 | D:1      | ZappyNine the Formicid Brigand began the quest for the Orb.
     0 | D:1      | Reached XP level 1. HP: 16/16 MP: 1/1
    49 | D:1      | Reached skill level 5 in Stealth
   135 | D:1      | Reached XP level 2. HP: 21/22 MP: 2/2
   379 | D:1      | Found a faded altar of an unknown god.
   843 | D:1      | Reached XP level 3. HP: 27/27 MP: 3/3
  1677 | D:3      | Reached XP level 4. HP: 24/34 MP: 4/4
  2648 | D:3      | Reached skill level 1 in Dodging
  3001 | D:3      | Reached XP level 5. HP: 25/39 MP: 5/5
  3232 | D:4      | Noticed Ijyb
  3247 | D:4      | Killed from afar by Ijyb

Illustrated notes

Levels and vault maps discovered:
D:1:      lemuel_arrival_cross, layout_basic, shapermc_ecumenical_altar_venn,
          minmay_strange_pillars
D:2:      layout_loops_ring
D:3:      layout_basic, minmay_crystal_room
D:4:      layout_basic, jmf_multi_god_temple, nicolae_sif_muna_condensation,
          uniq_eustachio, uniq_natasha, uniq_ijyb

Skill      XL: |  1  2  3  4 |
---------------+-------------+-----
Stealth        | 5 |  5.9
Short Blades   | 3 |  3.2
Dodging        | 2 |  2.2
Fighting       | |  2.6
Throwing       | |  2.0

Action                   |  1- 3 |  4- 6 || total
-------------------------+-------+-------++-------
Melee: Dagger            |    87 |   102 ||   189
Throw: Dart              |       |     6 ||     6
 Abil: Dig               |     3 |     5 ||     8
  Use: Potion            |       |     3 ||     3
 Stab: Sleeping          |     7 |     5 ||    12
Armor: Robe              |    13 |    15 ||    28
Dodge: Dodged            |    38 |    32 ||    70

Table legend: (Time is in decaauts)
 A = Elapsed time spent in this place.
 B = Non-inter-level travel time spent in this place.
 C = Inter-level travel time spent in this place.
 D = Time resting spent in this place.
 E = Time spent auto-exploring this place.
 F = Levels seen in this place.
 G = Mean time per level.
                   A        B        C        D        E       F      G
               +--------+--------+--------+--------+--------+-----+--------+
         Total |   3223 |   3142 |     81 |    736 |   1904 |   4 |  805.8 |
       Dungeon |   3223 |   3142 |     81 |    736 |   1904 |   4 |  805.8 |
               +--------+--------+--------+--------+--------+-----+--------+

Top non-repeatable levels by time:
     D:3: 1415 daAuts
     D:2: 896 daAuts
     D:1: 874 daAuts
     D:4: 36 daAuts
